 Dungeon Crawl Stone Soup version 0.29.0-13-gc9e81de378 (webtiles) character file.

Game seed: 13237087964231796830

93878 groovy9 the Severer (level 15, -3/139 HPs)
             Began as a Minotaur Berserker on Sept 8, 2022.
             Was an Elder of Trog.
             Blown up by a sun moth (33 damage)
             ... with a bolt of energy
             ... on level 4 of the Spider Nest.
             The game lasted 01:40:52 (26562 turns).

groovy9 the Severer (Minotaur Berserker)           Turns: 26562, Time: 01:40:53

Health: -3/139     AC: 20    Str: 29    XL:     15   Next: 61%
Magic:  14/14      EV: 15    Int:  4    God:    Trog [****..]
Gold:   1066       SH: 13    Dex: 12    Spells: 14/14 levels left

rFire   + + .      SeeInvis .   b - +6 war axe "Ewnim" {drain, rPois Str+2}
rCold   . . .      Faith    .   L - +0 kite shield
rNeg    . . .      Spirit   .   M - +2 plate armour {rF+}
rPois   +          Reflect  .   (helmet restricted)
rElec   .          Harm     .   D - +1 cloak
rCorr   .          Rampage  .   (no gloves)
Will    +....                   I - +0 pair of boots
Stlth   ..........              (no amulet)
HPRegen 0.33/turn               Y - +4 ring of evasion
MPRegen 0.14/turn               O - ring of protection from fire

@: on fire, about to teleport, on berserk cooldown, slowed, glowing, very slow
A: horns 2, retaliatory headbutt
a: Renounce Religion, Berserk, Trog's Hand, Brothers in Arms


You were on level 4 of the Spider Nest.
You worshipped Trog.
Trog was greatly pleased with you.
You visited 6 branches of the dungeon, and saw 21 of its levels.

You collected 1716 gold pieces.
You spent 650 gold pieces at shops.

Inventory:

Hand Weapons
 a - the +10 hand axe of Counn {flame, Will+}
   (You acquired it on level 3 of the Dungeon)

   It burns those it strikes, dealing additional fire damage.
   Big, fiery blades are also staple armaments of hydra-hunters.
   Will:      It increases your willpower.
 b - the +6 war axe "Ewnim" (weapon) {drain, rPois Str+2}
   (You found it on level 5 of the Dungeon)

   A truly terrible weapon, it drains the life of any living foe it strikes.
   Str:       It affects your strength (+2).
   rPois:     It protects you from poison.
 n - a +6 antimagic morningstar
 t - the +8 whip "Ytsuz" {vorpal, rF+}
   (You found it on level 3 of the Dungeon)

   It inflicts extra damage upon your enemies.
   rF:        It protects you from fire.
 K - a +3 antimagic battleaxe
 T - the +8 whip "Conservator" {vamp, Drain rPois rF+ rC++}
   (You found it on level 3 of the Lair of Beasts)

   It occasionally heals its wielder for a portion of the damage dealt when it
   wounds a living foe.
   rF:        It protects you from fire.
   rC:        It greatly protects you from cold.
   rPois:     It protects you from poison.
   Drain:     It drains your maximum health when unequipped.
Missiles
 l - 12 boomerangs (quivered)
 v - 3 silver boomerangs
Armour
 f - the +1 pair of gloves of the Lich-sworn {rPois}
   (You acquired it on level 1 of the Dungeon)

   rPois:     It protects you from poison.
 z - a +4 chain mail of cold resistance
 D - a +1 cloak (worn)
 G - a +1 troll leather armour {Snorg}
 I - a +0 pair of boots (worn)
 L - a +0 kite shield (worn)
 M - a +2 plate armour of fire resistance (worn)
 R - the +2 pair of gloves of Day {rF+ Str+4}
   (You found it on level 3 of the Lair of Beasts)

   Str:       It affects your strength (+4).
   rF:        It protects you from fire.
Jewellery
 d - a ring of protection from cold
 p - a ring of fire
 x - a ring of poison resistance
 A - a ring of ice
 O - a ring of protection from fire (right hand)
 Y - a +4 ring of evasion (left hand)
 Z - a ring of flight
Wands
 j - a wand of roots (26)
 y - a wand of flame (32)
 J - a wand of paralysis (13)
 Q - a wand of quicksilver (13)
Scrolls
 e - 11 scrolls of identify
 h - 5 scrolls of fog
 k - 4 scrolls of enchant weapon
 m - 3 scrolls of fear
 q - 2 scrolls of immolation
 B - 4 scrolls of teleportation
 C - a scroll of magic mapping
 F - a scroll of brand weapon
 N - a scroll of amnesia
 S - 3 scrolls of vulnerability
Potions
 c - a potion of invisibility
 g - a potion of mutation
 i - 2 potions of ambrosia
 o - 3 potions of brilliance
 r - 6 potions of curing
 s - 3 potions of berserk rage
 u - a potion of lignification
 E - a potion of might
 P - 2 potions of resistance
 U - 7 potions of heal wounds
 W - 2 potions of flight
 X - a potion of magic
Miscellaneous
 w - a phial of floods
 H - a box of beasts
 V - a lightning rod (4/4)


   Skills:
 + Level 14.7 Fighting
 - Level 16.5(17.0) Axes
 - Level 6.2(12.4) Maces & Flails
 - Level 10.0 Throwing
 - Level 10.3 Armour
 * Level 12.8 Dodging
 - Level 15.7 Shields


You had 14 spell levels left.
You didn't know any spells.
Your spell library was empty.

Dungeon Overview and Level Annotations

Branches:
Dungeon (10/15)            Temple (1/1) D:5            Lair (3/5) D:8
  Swamp (1/4) Lair:2       Spider (4/4) Lair:3          Orc (2/2) D:10
    Elf (0/3) Orc:2

Altars:
Ashenzari
Cheibriados
Elyvilon
Fedhas
Kikubaaqudgha
Trog
Wu Jian
Xom
Yredelemnul
Zin
The Shining One

Shops:
Orc:2 *([:


Innate Abilities, Weirdness & Mutations

You have a pair of horns on your head.
You reflexively headbutt those who attack you in melee.


Message History

The sun moth is lightly wounded.
You completely miss the boulder beetle.
The sun moth bites you but does no damage.
The boulder beetle bites you but does no damage.
Your unstable footing causes you to fumble your attack.
The sun moth bites you but does no damage.
The boulder beetle bites you but does no damage.
The sun moth completely misses you.
The boulder beetle leaps!
Your unstable footing causes you to fumble your attack.
The sun moth misses you. You furiously retaliate!
You headbutt the sun moth, but do no damage.
The boulder beetle curls into a ball and begins rolling!
You slash the sun moth!
The sun moth is moderately wounded.
The sun moth barely misses you. You furiously retaliate!
You headbutt the sun moth! You block the sun moth's attack.
The sun moth attacks as you move away! The sun moth bites you!!
You block the boulder beetle's attack.
The boulder beetle stops rolling and uncurls.
The boulder beetle leaps!
You barely miss the sun moth. Your headbutt misses the sun moth.
The sun moth is moderately wounded.
The sun moth bites you!
You hit the sun moth. Your headbutt misses the sun moth.
The sun moth is moderately wounded.
The sun moth throws energy at you. The bolt of energy hits you!!!
* * * LOW HITPOINT WARNING * * *
The boulder beetle leaps!
The sun moth throws sticky fire at you.
The sticky flame hits you but does no damage.
You resist.
You are covered in liquid flames!
As you read the scroll of teleportation, it crumbles to dust.
You feel strangely unstable.
You are covered in liquid flames!
* * * LOW HITPOINT WARNING * * *
The sun moth throws energy at you. The bolt of energy hits you!!
You die...

#..#...<# ##...y.^#
^.^.^^..# #.......
#..^..^### #....#
#..#^#^..# ##..#####
#..###...####...#...# .
^.## #....##^.###...# ....#
.## #.....##.......#......
..# ## ##.....^......^#
.........
#..###^....@#####...##....
.~^..#.^~~^^^#y.~~^^~..~~.#
...^.~..#B##^..##.###.#.^.#
^.#^#..^##.°......#.......#
...##..
#......#~†.......#.# #...#.
...^....^y..#......~. ##.
.~~~~~~~~~~~#^.......~ .
~~≈≈≈≈~~≈≈≈~..#......^ ...
~≈≈≈≈≈≈≈≈≈≈~~.^#...##


You could see a sun moth and a boulder beetle.

Vanquished Creatures
  4 emperor scorpions
  2 orc warlords (Orc:2)
  2 ghost moths
  A broodmother (Spider:2)
  2 spark wasps
  An entropy weaver (Spider:4)
  Snorg (D:10)
  A boulder beetle (Spider:2)
  4 hydras
  2 jorogumos
  A radroach (Spider:2)
  7 orc high priests (Orc:2)
  5 pharaoh ants
  2 sun moths
  7 orb spiders
  7 steelbarb worms
  2 bog bodies (Lair:2)
  3 orc knights
  23 wolf spiders
  4 orc sorcerers (Orc:2)
  3 moths of wrath
  4 elephants (Lair:3)
  7 torpor snails
  2 black mambas (Lair:3)
  10 cane toads
  5 demonic crawlers
  A rime drake (Lair:3)
  3 komodo dragons
  2 meliai (Spider:4)
  7 trolls
  30 tarantellas
  10 blink frogs
  Prince Ribbit (D:6)
  Sigmund (D:6)
  19 jumping spiders
  23 culicivoras
  A wyvern (Lair:2)
  23 yaks
  2 basilisks (Lair:1)
  A steam dragon (D:10)
  60 redbacks
  3 swamp worms (Lair:2)
  3 wargs (Orc:2)
  6 water moccasins
  5 black bears
  32 orc warriors
  2 sky beasts
  5 ice beasts
  16 ogres
  6 kobold brigands
  8 bullfrogs
  12 necrophages
  4 gnoll sergeants
  7 scorpions
  11 wights
  4 killer bees (D:9)
  7 howler monkeys
  An electric eel (Lair:2)
  A human zombie (D:5)
  23 orc priests
  A bullfrog zombie (D:5)
  A centaur zombie (D:5)
  6 jellies
  6 hounds
  An iguana (D:6)
  A scorpion zombie (D:5)
  24 orc wizards
  2 mummies (D:5)
  7 gnolls
  4 adders
  5 white imps
  A howler monkey simulacrum (D:7)
  An ufetubus (D:6)
  5 worms
  The ghost of gdog the Covert, a weakling GnDe (D:7)
  3 dart slugs
  121 orcs
  7 ball pythons
  5 endoplasms
  2 giant cockroaches
  9 goblins
  6 hobgoblins
  5 jackals (D:1)
  7 quokkas
  5 bats
  3 frilled lizards
  28 kobolds
  10 rats
  A bush (Lair:2)
730 creatures vanquished.

Vanquished Creatures (collateral kills)
  An orc warrior (Orc:2)
1 creature vanquished.

Vanquished Creatures (others)
  46 fungi
  9 plants
55 creatures vanquished.

Grand Total: 786 creatures vanquished

Notes
Turn   | Place    | Note
-------+----------+-------------------------------------------
     0 | D:1      | groovy9 the Minotaur Berserker began the quest for the Orb.
     0 | D:1      | Reached XP level 1. HP: 19/19 MP: 0/0
    65 | D:1      | Found a faded altar of an unknown god.
   159 | D:1      | Reached XP level 2. HP: 26/26 MP: 1/1
   598 | D:1      | Reached skill level 5 in Maces & Flails
   656 | D:1      | Reached XP level 3. HP: 29/31 MP: 2/2
  1074 | D:1      | Identified a scroll of acquirement
  1074 | D:1      | Acquired the +1 pair of gloves of the Lich-sworn {rPois}
  1220 | D:2      | Found a shimmering altar of Xom.
  1235 | D:2      | Reached ** piety under Trog
  1717 | D:2      | Reached XP level 4. HP: 39/39 MP: 3/3
  1888 | D:3      | Identified the +8 whip "Ytsuz" {vorpal, rF+}
  2073 | D:3      | Found a basalt altar of Yredelemnul.
  2525 | D:3      | Acquired the +10 hand axe of Counn {flame, Will+}
  2560 | D:3      | Reached skill level 1 in Axes
  2640 | D:4      | Reached skill level 2 in Axes
  2640 | D:4      | Reached XP level 5. HP: 41/45 MP: 4/4
  2956 | D:4      | Reached skill level 3 in Axes
  2987 | D:4      | Noticed an ogre
  2993 | D:4      | Killed an ogre
  2994 | D:4      | Reached skill level 4 in Axes
  2999 | D:4      | Reached XP level 6. HP: 51/51 MP: 5/5
  3155 | D:4      | Reached skill level 5 in Axes
  3315 | D:4      | Found a glowing silver altar of Zin.
  3403 | D:4      | Reached skill level 15 in Axes
  3403 | D:4      | Reached XP level 7. HP: 57/57 MP: 6/6
  3412 | D:5      | Entered Level 5 of the Dungeon
  3817 | D:5      | Reached *** piety under Trog
  3833 | D:5      | Reached XP level 8. HP: 59/67 MP: 7/7
  3918 | D:5      | Identified the +6 war axe "Ewnim" {drain, rPois Str+2}
  3940 | D:5      | Reached skill level 5 in Fighting
  3957 | D:5      | Found a broken altar of Ashenzari.
  4016 | D:5      | Found a staircase to the Ecumenical Temple.
  4128 | D:5      | Found an ancient bone altar of Kikubaaqudgha.
  4134 | D:5      | Reached skill level 5 in Armour
  4750 | D:5      | Reached XP level 9. HP: 75/75 MP: 8/8
  4928 | Temple   | Entered the Ecumenical Temple
  5088 | D:6      | Reached **** piety under Trog
  5117 | D:6      | Found a shimmering altar of Xom.
  5128 | D:6      | Noticed Prince Ribbit
  5135 | D:6      | Killed Prince Ribbit
  5153 | D:6      | Noticed Sigmund
  5166 | D:6      | Killed Sigmund
  5261 | D:6      | Found a snail-covered altar of Cheibriados.
  5475 | D:6      | Noticed a moth of wrath
  5478 | D:6      | Found a bloodstained altar of Trog.
  5604 | D:7      | Found a runed translucent gate.
  5605 | D:7      | Found a runed translucent gate.
  5607 | D:7      | Found a runed translucent gate.
  5720 | D:7      | Found a sand-covered staircase.
  6484 | D:7      | Found a white marble altar of Elyvilon.
  6806 | D:7      | Noticed gdog's ghost (weakling GnDe)
  6839 | D:7      | Killed gdog's ghost
  6850 | D:7      | Reached XP level 10. HP: 90/90 MP: 9/9
  6987 | D:7      | Reached ***** piety under Trog
  7580 | D:8      | Found a staircase to the Lair.
  7663 | Lair:1   | Entered Level 1 of the Lair of Beasts
  7953 | D:9      | Found a blossoming altar of Fedhas.
  8139 | D:9      | Reached skill level 10 in Fighting
  8620 | D:10     | Entered Level 10 of the Dungeon
  8767 | D:10     | Found an ornate altar of the Wu Jian Council.
  8910 | D:10     | Noticed Snorg
  8924 | D:10     | Killed Snorg
  8925 | D:10     | Reached skill level 1 in Throwing
  9189 | D:10     | Found a glowing golden altar of the Shining One.
  9328 | D:10     | Reached skill level 10 in Armour
  9328 | D:10     | Reached XP level 11. HP: 101/101 MP: 10/10
  9780 | D:10     | Found a staircase to the Orcish Mines.
  9810 | D:10     | Received a gift from Trog
  9813 | D:10     | Reached ****** piety under Trog
  9963 | Orc:1    | Entered Level 1 of the Orcish Mines
  9982 | Orc:1    | Reached skill level 1 in Shields
 10348 | Orc:1    | Noticed an orc knight
 10366 | Orc:1    | Killed an orc knight
 10626 | Orc:2    | Entered Level 2 of the Orcish Mines
 10671 | Orc:2    | Noticed an orc high priest
 10671 | Orc:2    | Noticed an orc high priest
 10688 | Orc:2    | Noticed a sun demon
 10690 | Orc:2    | Killed an orc high priest
 10691 | Orc:2    | Reached skill level 5 in Shields
 10695 | Orc:2    | Killed an orc high priest
 10706 | Orc:2    | Noticed an orc sorcerer
 10719 | Orc:2    | Killed an orc sorcerer
 10771 | Orc:2    | Found Fuomyus's Antique Armour Shoppe.
 10982 | Orc:2    | Bought a shiny plate armour for 650 gold pieces
 11027 | Orc:2    | Reached skill level 5 in Throwing
 11102 | Orc:2    | Noticed an orc warlord
 11127 | Orc:2    | Killed an orc warlord
 11131 | Orc:2    | Noticed an orc sorcerer
 11139 | Orc:2    | Found a staircase to the Elven Halls.
 11139 | Orc:2    | Noticed an orc warlord
 11139 | Orc:2    | Noticed an orc sorcerer
 11150 | Orc:2    | Noticed an orc high priest
 11151 | Orc:2    | Noticed an orc knight
 11160 | Orc:2    | Killed an orc warlord
 11160 | Orc:2    | Noticed an orc knight
 11161 | Orc:2    | Noticed an orc high priest
 11461 | Orc:2    | Reached XP level 12. HP: 105/108 MP: 11/11
 11486 | Orc:2    | Noticed an orc high priest
 11503 | Orc:2    | Killed an orc high priest
 11522 | Orc:2    | Noticed an orc high priest
 11523 | Orc:2    | Found Conecsa's General Store.
 11535 | Orc:2    | Killed an orc high priest
 11554 | Orc:2    | Killed an orc high priest
 11555 | Orc:2    | Reached skill level 10 in Shields
 11617 | Orc:2    | Killed an orc high priest
 11804 | Orc:2    | Received a gift from Trog
 11966 | Orc:2    | Noticed an orc high priest
 11983 | Orc:2    | Killed an orc high priest
 12262 | Orc:2    | Found Nive's Antique Weapon Boutique.
 12434 | Orc:2    | Found Saix's Book Shop.
 12794 | Orc:1    | Received a gift from Trog
 13196 | Lair:1   | You fall into a shaft and drop 1 floor!
 13288 | Lair:1   | Noticed an eight-headed hydra
 13297 | Lair:1   | Killed a five-headed hydra
 13682 | Lair:1   | Reached XP level 13. HP: 60/114 MP: 12/12
 15173 | Lair:2   | Found a staircase to the Swamp.
 15742 | Swamp:1  | Entered Level 1 of the Swamp
 15856 | Lair:3   | Received a gift from Trog
 16136 | Lair:3   | Found a hole to the Spider Nest.
 16153 | Lair:3   | Reached skill level 16 in Axes
 16194 | Lair:3   | Identified the +2 pair of gloves of Day {rF+ Str+4}
 16523 | Lair:3   | Reached skill level 15 in Shields
 16584 | Lair:3   | Identified the +8 whip "Conservator" {vamp, Drain rPois rF+
                  | rC++}
 16826 | Spider:1 | Entered Level 1 of the Spider Nest
 17636 | Spider:1 | Reached skill level 10 in Throwing
 17929 | Spider:1 | Noticed a spark wasp
 17934 | Spider:1 | Noticed an emperor scorpion
 17937 | Spider:1 | Killed a spark wasp
 17945 | Spider:1 | Killed an emperor scorpion
 17946 | Spider:1 | Reached XP level 14. HP: 83/122 MP: 13/13
 19613 | Spider:2 | Noticed a broodmother
 19627 | Spider:2 | Killed a broodmother
 19670 | Spider:2 | Killed a ghost moth
 19876 | Spider:2 | Received a gift from Trog
 19878 | Spider:2 | Reached skill level 5 in Dodging
 23467 | Spider:3 | Reached XP level 15. HP: 136/136 MP: 14/14
 23496 | Spider:3 | Reached skill level 10 in Dodging
 23962 | Spider:4 | Entered Level 4 of the Spider Nest
 24146 | Spider:4 | Received a gift from Trog
 24349 | Spider:4 | Noticed an emperor scorpion
 24360 | Spider:4 | Killed an emperor scorpion
 25405 | Spider:4 | Noticed an emperor scorpion
 25414 | Spider:4 | Killed an emperor scorpion
 26523 | Spider:4 | Noticed an emperor scorpion
 26546 | Spider:4 | Killed an emperor scorpion
 26562 | Spider:4 | Blown up by a sun moth

Illustrated notes

Levels and vault maps discovered:
D:1:      lemuel_arrival_funnel, layout_loops_ring,
          ebering_ecumenical_altar_mist
D:2:      layout_rooms, basic_altar, minmay_misc_feat_tiny,
          minmay_crystal_water, kennysheep_generic_room_8
D:3:      layout_loops_ring, mainiacjoe_overflow_cross_hatched
D:4:      layout_loops_ring, zin_treasury, patterned_corridor
D:5:      minmay_octagon_keep, layout_basic,
          lemuel_mausoleum_altar_kikubaaqudgha, lemuel_crystal_altar,
          minmay_temple_entry_overgrown, grunt_decor_fettered
D:6:      layout_rooms, mainiacjoe_overflow_six_doors_small, tgw_trog,
          mainiacjoe_overflow_chevrons, minmay_circle_x, uniq_sigmund,
          uniq_prince_ribbit1
D:7:      layout_basic, nicolae_elyvilon_peaceful_grove, gammafunk_ghost_icy,
          lightli_ossuary_entry_decrepit_ruins
D:8:      layout_cave_pools, grunt_lair_entry_orc_guard_hut,
          nicolae_grassy_gnolls
D:9:      layout_small_grid, fedhas_altar_fruit_tree, special_room
          [special_room_orc]
D:10:     layout_stronghold, nicolae_overflow_crystal_walls,
          nzn_wu_jian_contemplation, kennysheep_orc_monster_closet_entryway,
          uniq_snorg
Temple:   grunt_temple_mini_profane
Lair:1:   layout_chaotic_city, beast_lair_carwin_9
Lair:2:   layout_cave_pods, nicolae_swamp_entry_splash_gauntlet,
          roderic_carrion_pond
Lair:3:   layout_cave_pods, spider_nest_entry_funnel_web
Swamp:1:  layout_basic_swamp, hangedman_swamp_ruin_hall, uniq_nikola, uniq_aizul
Spider:1: layout_chambers, nicolae_spider_claw_tunnel
Spider:2: layout_spider_delve
Spider:3: layout_chambers, nicolae_spider_spiderdrome
Spider:4: grunt_spider_rune_island
Orc:1:    nicolae_orc_accident_2, layout_diamond_mine, mines2_david
Orc:2:    grunt_orc_gardens, layout_caves, grunt_orc_garden, grunt_orc_garden,
          grunt_orc_garden, grunt_orc_garden, minmay_orc_temple_c

Skill      XL: |  1  2  3  4  5  6  7  8  9 10 11 12 13 14 15 |
---------------+----------------------------------------------+-----
Maces & Flails | 4 5 6 |  6.2
Axes           | 2 4 15 16 | 16.5
Fighting       | 4 6 8 10 13 14 | 14.7
Armour         | 3 5 7 10 | 10.3
Throwing       | 2 5 8 10 | 10.0
Shields        | 8 12 15 | 15.7
Dodging        | 9 12 | 12.8

Action                   |  1- 3 |  4- 6 |  7- 9 | 10-12 | 13-15 || total
-------------------------+-------+-------+-------+-------+-------++-------
Melee: Mace              |   102 |    20 |       |       |       ||   122
       Headbutt          |    13 |     6 |    25 |   100 |   203 ||   347
       Hand axe          |       |    23 |    49 |     4 |    10 ||    86
       Punch             |       |     1 |     2 |       |       ||     3
       War axe           |       |       |   161 |   642 |   907 ||  1710
Throw: Boomerang         |       |       |     1 |    16 |   127 ||   144
Invok: Berserk           |       |     1 |       |     7 |     8 ||    16
       Trog's Hand       |       |       |     1 |     7 |     9 ||    17
       Brothers in Arms  |       |       |       |     1 |       ||     1
  Use: Scroll            |     3 |     9 |     3 |     8 |     3 ||    26
       Potion            |     3 |     1 |       |     3 |     3 ||    10
 Stab: Distracted        |       |       |       |     2 |       ||     2
Armor: Leather armour    |    36 |     3 |       |       |       ||    39
       Chain mail        |       |    16 |    53 |       |       ||    69
       Ring mail         |       |       |    18 |    19 |       ||    37
       Plate armour      |       |       |       |   230 |   383 ||   613
Dodge: Dodged            |    60 |    11 |    53 |   124 |   286 ||   534
Block: Kite shield       |       |       |       |   122 |   468 ||   590
